 Dungeon Crawl Stone Soup version 0.26.0-10-g1f06aea511 (webtiles) character file.

Game seed: 16166328262981133501

3699 funkygono the Destroyer (level 9, -10/67 HPs)
             Began as a White Draconian Conjurer on Jan 31, 2021.
             Was a Follower of Sif Muna.
             Mangled by a death knight
             ... wielding a +4 halberd
              (17 damage)
             ... on level 8 of the Dungeon.
             The game lasted 00:23:25 (9878 turns).

funkygono the Destroyer (White Draconian Conjurer)  Turns: 9878, Time: 00:23:25

Health: -10/67     AC:  8    Str:  9    XL:     9   Next: 91%
Magic:  24/31      EV: 13    Int: 22    God:    Sif Muna [*.....]
Gold:   388        SH:  5    Dex: 10    Spells: 23/26 levels left

rFire    . . .     SeeInvis +   o - +1 mace "Miduwn" {speed, MP+9}
rCold    + . .     Faith    .   (no shield)
rNeg     . . .     Spirit   .   (armour unavailable)
rPois    .         Reflect  +   (helmet restricted)
rElec    .         Harm     .   (no cloak)
rCorr    .         Rampage  .   g - +0 pair of gloves
Will     +....                  (no boots)
Stlth    ++........             e - amulet of reflection
HPRegen  0.21/turn              l - ring of see invisible
MPRegen  0.22/turn              x - ring of willpower

@: no status effects
A: breathe frost, unfitting armour, cold resistance 1, cold-blooded, AC +7
a: Breathe Frost, Renounce Religion, Channel Magic


You were on level 8 of the Dungeon.
You worshipped Sif Muna.
Sif Muna was aware of your devotion.
You visited 2 branches of the dungeon, and saw 9 of its levels.

You collected 388 gold pieces.

Inventory:

Hand Weapons
 i - a +1 whip of electrocution
 o - the +1 mace "Miduwn" (weapon) {speed, MP+9}
   (You found it on level 4 of the Dungeon)

   Attacks with this weapon are significantly faster.
   It affects your magic capacity (+9).
Missiles
 c - 195 stones
Armour
 g - a +0 pair of gloves (worn)
 h - a +0 kite shield
 y - a +0 buckler
Jewellery
 e - an amulet of reflection (around neck)
 l - a ring of see invisible (left hand)
 x - a ring of willpower (right hand)
Wands
 k - a wand of flame (10)
 m - a wand of iceblast (2)
 v - a wand of polymorph (15)
Scrolls
 a - 7 scrolls of remove curse
 b - 2 scrolls of fog
 p - 2 scrolls of amnesia
 q - a scroll of magic mapping
 w - a scroll of teleportation
 A - a scroll of identify
Potions
 d - 3 potions of brilliance
 f - 3 potions of heal wounds
 j - 4 potions of flight
 n - 2 potions of attraction
 r - a potion of might
 s - 6 potions of curing
 t - 2 potions of lignification
 u - a potion of haste
 z - a potion of cancellation


   Skills:
 + Level 1.7 Fighting
 + Level 3.3 Dodging
 + Level 4.0 Stealth
 + Level 1.0 Shields
 * Level 9.4 Spellcasting
 * Level 9.5 Conjurations


You had 23 spell levels left.
You knew the following spells:

 Your Spells              Type           Power        Failure   Level
a - Magic Dart            Conj           100%         1%          1
b - Searing Ray           Conj           100%         1%          2

Your spell library contained the following spells:

 Spells                   Type           Power        Failure   Level
 Dazzling Flash           Conj/Hex       62%          2%          3
 Fulminant Prism          Conj/Hex       15%          9%          4
 Iskenderun's Mystic Bla  Conj/Tloc      31%          9%          4
 Confusing Touch          Hex            10%          19%         3
 Gell's Gravitas          Tloc           5%           19%         3
 Petrify                  Tmut/Erth      10%          54%         4
 Metabolic Englaciation   Hex/Ice        5%           87%         5
 Yara's Violent Unravell  Hex/Tmut       5%           87%         5


Dungeon Overview and Level Annotations

Branches:
Dungeon (8/15)             Temple (1/1) D:6
   Lair: D:8-11

Altars:
Ashenzari
Cheibriados
Elyvilon
Fedhas
Gozag
Hepliaklqana
Kikubaaqudgha
Makhleb
Nemelex Xobeh
Okawaru
Sif Muna
Trog
Wu Jian
Xom

Shops:
D:7 =


Innate Abilities, Weirdness & Mutations

You can breathe waves of freezing cold.
You can buffet flying creatures when you breathe cold.
Your icy white scales are hard. (AC +7)
You cannot fit into any form of body armour.
Your flesh is cold resistant. (rC+)
You are cold-blooded and may be slowed by cold attacks.


Message History

The death knight hits you from afar with a +4 halberd.
The death knight hits you from afar with a +4 halberd!!
Unknown command.
Casting: Searing Ray (safe; 1% risk of failure)
Confirm with . or Enter, or press ? or * to list all spells.
Aiming: Searing Ray (safe; 1% risk of failure)
Press: ? - help, Shift-Dir - straight line, f/p - death knight
Aim: a death knight, wielding a +4 halberd and wearing a +0 chain mail (moderately wounded, reflecting injuries, 17% to evade)
The searing ray hits the death knight!
The death knight is moderately wounded. (Press . to maintain the ray.)
The death knight reflects your damage back at you!
The death knight hits you from afar with a +4 halberd!!
* * * LOW HITPOINT WARNING * * *
The searing ray hits the death knight.
The death knight is moderately wounded.
The death knight reflects your damage back at you!
* * * LOW HITPOINT WARNING * * *
The death knight hits you from afar with a +4 halberd!
You die...

#.
#..##..#
#
..##(.###
#
#..##..#
.# ##
#.###
####'##
#.#
...p...
#.##
.....
#..## †..
##..###.#
##.@)p#
#####.#
#.. #.#
#.# #+


You could see a death knight (reflects damage).

Vanquished Creatures
  Pikel (D:3)
  Grinder (D:5)
  Sigmund (D:5)
  Edmund (D:5)
  Duvessa (D:5)
  2 orc warriors
  2 ice beasts
  A black bear (D:7)
  3 ogres
  3 lemures (D:4)
  A centaur (D:8)
  A big kobold (D:7)
  8 bullfrogs
  Dowan (D:5)
  3 scorpions
  3 killer bees (D:8)
  3 wights (D:6)
  A crimson imp (D:5)
  2 bullfrog zombies
  A hound (D:7)
  2 orc wizards (D:8)
  A jelly (D:7)
  An orc priest (D:6)
  A bullfrog skeleton (D:4)
  An iguana (D:6)
  Terence (D:3)
  Natasha (D:2)
  6 worker ants
  A killer bee zombie (D:5)
  A hound zombie (D:5)
  A hound skeleton (D:5)
  A howler monkey zombie (D:5)
  5 gnolls
  8 adders
  3 shadow imps
  A white imp (D:6)
  An ufetubus (D:6)
  2 oozes
  An adder zombie (D:6)
  3 worms
  3 dart slugs
  4 leopard geckos
  15 orcs
  2 ball pythons
  6 giant cockroaches
  9 hobgoblins
  3 jackals (D:2)
  6 quokkas
  7 bats
  3 frilled lizards
  11 goblins
  13 kobolds
  A leopard gecko zombie (D:7)
  9 rats
174 creatures vanquished.

Vanquished Creatures (others)
  3 fungi (D:8)
  6 plants (D:8)
9 creatures vanquished.

Grand Total: 183 creatures vanquished

Notes
Turn   | Place    | Note
-------+----------+-------------------------------------------
     0 | D:1      | funkygono the Draconian Conjurer began the quest for the
                  | Orb.
     0 | D:1      | Reached XP level 1. HP: 14/14 MP: 3/3
   364 | D:1      | Reached XP level 2. HP: 20/20 MP: 3/5
   391 | D:1      | Learned a level 2 spell: Searing Ray
   912 | D:1      | Reached XP level 3. HP: 16/26 MP: 1/6
  1422 | D:2      | Reached skill level 5 in Conjurations
  1568 | D:2      | Found a sparkling altar of Nemelex Xobeh.
  1579 | D:2      | Reached XP level 4. HP: 33/33 MP: 4/7
  2056 | D:2      | Found a white marble altar of Elyvilon.
  2440 | D:2      | Noticed Natasha
  2446 | D:2      | Killed Natasha
  3010 | D:3      | Reached XP level 5. HP: 38/38 MP: 5/10
  3094 | D:3      | Noticed Terence
  3099 | D:3      | Killed Terence
  3302 | D:3      | Found a blossoming altar of Fedhas.
  3885 | D:4      | Noticed a lemure
  3886 | D:4      | Noticed a lemure
  3886 | D:4      | Noticed a lemure
  3886 | D:4      | Noticed Pikel
  3887 | D:4      | Noticed a lemure
  3891 | D:4      | Killed a lemure
  4219 | D:4      | Killed a lemure
  4219 | D:4      | Killed a lemure
  4274 | D:3      | Killed Pikel
  4275 | D:3      | Reached skill level 5 in Spellcasting
  4275 | D:3      | Reached XP level 6. HP: 30/46 MP: 1/13
  4275 | D:3      | Your scales start taking on an icy white colour.
  4275 | D:3      | Reached XP level 7. HP: 33/51 MP: 1/14
  4275 | D:3      | Gained mutation: Your flesh is cold resistant. (rC+) [White
                  | Draconian growth]
  4604 | D:4      | Got a faintly glowing mace
  4605 | D:4      | Identified the +1 mace "Miduwn" {speed, MP+9} (You found it
                  | on level 4 of the Dungeon)
  5406 | D:5      | Entered Level 5 of the Dungeon
  5406 | D:5      | Noticed Grinder
  5407 | D:5      | Paralysed by Grinder for 2 turns
  5420 | D:5      | Killed Grinder
  5529 | D:5      | Noticed Dowan
  5529 | D:5      | Noticed Edmund
  5541 | D:5      | Killed Edmund
  5541 | D:5      | Killed Dowan
  5542 | D:5      | Reached XP level 8. HP: 52/58 MP: 13/17
  5752 | D:5      | Noticed Duvessa
  5990 | D:5      | Noticed Sigmund
  5998 | D:5      | Killed Sigmund
  5999 | D:5      | Reached skill level 1 in Fighting
  6018 | D:5      | Killed Duvessa
  6398 | D:5      | Found a shimmering altar of Xom.
  6399 | D:5      | Found a burning altar of Makhleb.
  6518 | D:5      | Found a bloodstained altar of Trog.
  6968 | D:6      | Reached XP level 9. HP: 64/64 MP: 20/20
  7083 | D:6      | Found a staircase to the Ecumenical Temple.
  7097 | Temple   | Entered the Ecumenical Temple
  7156 | Temple   | Became a worshipper of Sif Muna the Loreminder
  8129 | D:7      | Reached skill level 1 in Shields
  8452 | D:7      | Found Bijuk's Jewellery Shoppe.
  8810 | D:7      | Found a snail-covered altar of Cheibriados.
  8996 | D:7      | Found a bloodstained altar of Trog.
  9775 | D:8      | Reached * piety under Sif Muna
  9866 | D:8      | Noticed a death knight
  9878 | D:8      | Mangled by a death knight

Illustrated notes

Levels and vault maps discovered:
D:1:      dpeg_arrival_another_circle, layout_basic, hex_medium
D:2:      minmay_recursive_quarters, layout_basic, old_standard_altar,
          elyvilon_altar_5, minmay_misc_feat_square, uniq_natasha
D:3:      layout_basic, fedhas_altar_2, uniq_terence
D:4:      layout_basic, uniq_pikel
D:5:      layout_gridville, grunt_temple_overflow_champion_of_chaos,
          basic_altar, uniq_duvessa, uniq_grinder, uniq_edmund, uniq_sigmund
D:6:      layout_basic, minmay_temple_entry_statues_fountains,
          mrwooster_statue_mirror, st_stairs_4, minmay_misc_feat_iff,
          hangedman_decor_points
D:7:      layout_loops_corners, lightli_temple_of_fire, serial_shops,
          nicolae_shop_crystal, chei_slow_surprise
D:8:      minmay_the_grid_plus_closed [minmay_the_grid_minigrid_medium,
          minmay_the_grid_medium_cups, minmay_the_grid_expand,
          minmay_the_grid_tree, minmay_the_grid_prize_four_corners],
          layout_cave_pools, minitemple, overflow_temple_1_default,
          chequers_temple_overflow_minitemple, dpeg_oklobed_lair,
          minmay_orc_keep, uniq_harold, uniq_gastronok, uniq_erica
Temple:   jpeg_temple_island

Skill      XL: |  1  2  3  4  5  6  7  8  9 |
---------------+----------------------------+-----
Conjurations   | 5 6 7 8 9 |  9.5
Stealth        | 2 3 4 |  4.0
Spellcasting   | 3 5 6 7 9 |  9.4
Dodging        | 2 3 |  3.3
Fighting       | 1 |  1.7
Shields        | 1 |  1.0

Action                   |  1- 3 |  4- 6 |  7- 9 || total
-------------------------+-------+-------+-------++-------
Melee: Unarmed           |    11 |       |       ||    11
       Tailslap          |     2 |       |       ||     2
       Dagger            |       |    14 |       ||    14
       Mace              |       |       |     4 ||     4
 Cast: Magic Dart        |    51 |    77 |   125 ||   253
       Searing Ray       |     3 |    15 |    67 ||    85
 Abil: Breathe Frost     |       |       |     1 ||     1
  Use: Scroll            |     4 |     4 |    14 ||    22
       Potion            |       |     1 |       ||     1
Armor: Skin              |     4 |    11 |    20 ||    35
Dodge: Dodged            |    12 |     8 |    33 ||    53
Block: Other             |       |     8 |    14 ||    22
       Reflection        |       |     1 |       ||     1
